PL
DETROIT REAPERS @ GRAFTON MIDDIES
08/28/2017
 
TOP OF THE 1ST
Detroit Reapers batting - Pitching for Grafton Middies : RHP Yuri Volkers
Pitching: RHP Yuri Volkers
Batting: LHB Robert Bond 0-0: Ball
1-0: Swinging Strike
1-1: Swinging Strike
1-2: Ball
2-2: Foul Ball, location: 2F
2-2: Strikes out swinging
Batting: LHB Armando Herrera 0-0: Ball
1-0: Foul Ball, location: 2F
1-1: Foul Ball, location: 2F
1-2: SINGLE (Line Drive, 78M)
Batting: RHB Duncan Thomas 0-0: Called Strike
0-1: Swinging Strike
0-2: Ball
1-2: Ball
2-2: Ball
Wild Pitch!
Armando Herrera to second
3-2: Foul Ball, location: 2F
3-2: Strikes out swinging
Batting: RHB Eduardo Alvarado 0-0: Ball
Passed Ball!
Armando Herrera to third
1-0: Ball
2-0: Called Strike
2-1: Foul Ball, location: 2F
2-2: Strikes out swinging
Top of the 1st over - 0 run(s), 1 hit(s), 0 error(s), 1 left on base; Detroit 0 - Grafton 0
BOTTOM OF THE 1ST
Grafton Middies batting - Pitching for Detroit Reapers : RHP Armando Hernández
Pitching: RHP Armando Hernández
Batting: RHB Carl Good 0-0: Foul Ball, location: 2F
0-1: Foul Ball, location: 2F
0-2: Hit by Pitch
Batting: RHB Brent Barlow 0-0: Ball
1-0: Ball
2-0: Called Strike
2-1: Grounds into double play, 6-4-3 (Groundball, 6)
Batting: LHB Tony Dyer 0-0: Ball
1-0: Called Strike
1-1: Foul Ball, location: 2F
1-2: Ball
2-2: Foul Ball, location: 2F
2-2: Strikes out swinging
Bottom of the 1st over - 0 run(s), 0 hit(s), 0 error(s), 0 left on base; Detroit 0 - Grafton 0
TOP OF THE 2ND
Detroit Reapers batting - Pitching for Grafton Middies : RHP Yuri Volkers
Batting: LHB Keith Spear 0-0: Foul Ball, location: 2F
0-1: Ball
1-1: Foul Ball, location: 2F
1-2: SINGLE (Line Drive, 6D)
Batting: SHB Yosuke Kiyomizu 0-0: Fly out, F6 (Popup, 5L)
Batting: RHB Ilusuarte Viamonte 0-0: Ball
1-0: Called Strike
1-1: Grounds into double play, 1-6-3 (Groundball, 13)
Top of the 2nd over - 0 run(s), 1 hit(s), 0 error(s), 0 left on base; Detroit 0 - Grafton 0
BOTTOM OF THE 2ND
Grafton Middies batting - Pitching for Detroit Reapers : RHP Armando Hernández
Batting: LHB Guillermo Romero 0-0: Ball
1-0: Ball
2-0: Ball
3-0: Called Strike
3-1: Base on Balls
Batting: RHB Donald Thompson 0-0: Fly out, F6 (Popup, 56D)
Batting: RHB Mike Lewis 0-0: Ball
1-0: Foul Ball, location: 2F
1-1: Called Strike
1-2: Ball
2-2: Ball
3-2: Base on Balls
Guillermo Romero to second
Batting: LHB Luis Gutiérrez 0-0: Ball
1-0: Ball
2-0: Called Strike
2-1: Foul Ball, location: 2F
2-2: Strikes out looking
Batting: RHB Nam-sup Yi 0-0: Ball
1-0: Swinging Strike
1-1: Foul Ball, location: 2F
1-2: Ball
2-2: Ball
3-2: Base on Balls
Guillermo Romero to third
Mike Lewis to second
Batting: RHB Yuri Volkers 0-0: Fly out, F7 (Flyball, 7M)
Bottom of the 2nd over - 0 run(s), 0 hit(s), 0 error(s), 3 left on base; Detroit 0 - Grafton 0
TOP OF THE 3RD
Detroit Reapers batting - Pitching for Grafton Middies : RHP Yuri Volkers
Batting: RHB Jack Weber 0-0: Ball
1-0: Ball
2-0: Ground out 1-3 (Groundball, 23)
Batting: RHB Armando Hernández 0-0: Ball
1-0: Ball
2-0: Ball
3-0: Called Strike
3-1: Called Strike
3-2: Foul Ball, location: 2F
3-2: Ground out 6-3 (Groundball, 56)
Batting: LHB Robert Bond 0-0: Called Strike
0-1: Hit by Pitch
Batting: LHB Armando Herrera 0-0: Called Strike
0-1: Ball
1-1: Swinging Strike
1-2: Ground out U3 (Groundball, 3)
Top of the 3rd over - 0 run(s), 0 hit(s), 0 error(s), 1 left on base; Detroit 0 - Grafton 0
BOTTOM OF THE 3RD
Grafton Middies batting - Pitching for Detroit Reapers : RHP Armando Hernández
Batting: RHB Carl Good 0-0: Ball
1-0: Ball
2-0: Called Strike
2-1: Ground out 5-3 (Groundball, 56)
Batting: RHB Brent Barlow 0-0: Swinging Strike
0-1: Foul Ball, location: 2F
0-2: Strikes out swinging
Batting: LHB Tony Dyer 0-0: Ball
1-0: Called Strike
1-1: Called Strike
1-2: Fly out, F8 (Flyball, 8RS)
Bottom of the 3rd over - 0 run(s), 0 hit(s), 0 error(s), 0 left on base; Detroit 0 - Grafton 0
TOP OF THE 4TH
Detroit Reapers batting - Pitching for Grafton Middies : RHP Yuri Volkers
Batting: RHB Duncan Thomas 0-0: Called Strike
0-1: Hit by Pitch
Batting: RHB Eduardo Alvarado 0-0: 2-RUN HOME RUN (Line Drive, 7LD), Distance : 369 ft
Batting: LHB Keith Spear 0-0: Ball
1-0: Called Strike
1-1: Foul Ball, location: 2F
1-2: SINGLE (Flyball, 7LS)
Batting: SHB Yosuke Kiyomizu 0-0: Called Strike
0-1: Ball
1-1: Foul Ball, location: 2F
1-2: SINGLE (Groundball, 56D)
Keith Spear to second
Batting: RHB Ilusuarte Viamonte 0-0: Ball
1-0: Swinging Strike
1-1: Swinging Strike
1-2: Ball
2-2: Strikes out swinging
Batting: RHB Jack Weber 0-0: Called Strike
0-1: Fielders Choice at 2nd, 6-4 (Groundball, 6)
Keith Spear to third
Batting: RHB Armando Hernández 0-0: Foul Ball, location: 2F
0-1: Ball
1-1: Ball
2-1: Foul Ball, location: 2F
2-2: Foul Ball, location: 2F
2-2: Fielders Choice at 2nd, 6-4 (Groundball, 6)
Top of the 4th over - 2 run(s), 3 hit(s), 0 error(s), 1 left on base; Detroit 2 - Grafton 0
BOTTOM OF THE 4TH
Grafton Middies batting - Pitching for Detroit Reapers : RHP Armando Hernández
Batting: LHB Guillermo Romero 0-0: SOLO HOME RUN (Flyball, 78XD), Distance : 423 ft
Batting: RHB Donald Thompson 0-0: Called Strike
0-1: Fly out, F8 (Flyball, 8LXD)
Batting: RHB Mike Lewis 0-0: SINGLE (Line Drive, 6M)
Batting: LHB Luis Gutiérrez 0-0: Foul Ball, location: 2F
0-1: Ball
1-1: Foul Ball, location: 2F
1-2: Foul Ball, location: 2F
1-2: Ball
2-2: Fly out, F8 (Flyball, 89D)
Batting: RHB Nam-sup Yi 0-0: Ground out 1-3 (Groundball, 15S)
Bottom of the 4th over - 1 run(s), 2 hit(s), 0 error(s), 1 left on base; Detroit 2 - Grafton 1
TOP OF THE 5TH
Detroit Reapers batting - Pitching for Grafton Middies : RHP Yuri Volkers
Batting: LHB Robert Bond 0-0: Ball
1-0: Called Strike
1-1: DOUBLE (Line Drive, 89D)
Batting: LHB Armando Herrera 0-0: Swinging Strike
0-1: Ball
1-1: Ground out 1-3 (Groundball, 13S)
Robert Bond to third
Batting: RHB Duncan Thomas 0-0: Ball
1-0: Ball
2-0: Ball
3-0: Base on Balls
Batting: RHB Eduardo Alvarado 0-0: Fly out, F9 (Line Drive, 9S)
Batting: LHB Keith Spear 0-0: Ball
1-0: Ball
2-0: Foul Ball, location: 2F
2-1: SINGLE (Line Drive, 9S)
Robert Bond scores
Duncan Thomas to second
Batting: SHB Yosuke Kiyomizu 0-0: Foul Ball, location: 2F
0-1: Swinging Strike
0-2: Ball
1-2: Ball
2-2: Ball
3-2: SINGLE (Flyball, 7S)
Duncan Thomas to third
Keith Spear to second
Duncan Thomas scores
Keith Spear to third
Batting: RHB Ilusuarte Viamonte 0-0: Called Strike
0-1: Ball
1-1: Ball
2-1: Fielders Choice at 2nd, U6 (Groundball, 6M)
Top of the 5th over - 2 run(s), 3 hit(s), 0 error(s), 2 left on base; Detroit 4 - Grafton 1
BOTTOM OF THE 5TH
Grafton Middies batting - Pitching for Detroit Reapers : RHP Armando Hernández
Batting: RHB Yuri Volkers 0-0: Ball
1-0: Ball
2-0: Foul Ball, location: 2F
2-1: Fly out, F9 (Flyball, 9M)
Batting: RHB Carl Good 0-0: Ball
1-0: Ball
2-0: Foul Ball, location: 2F
2-1: Foul Ball, location: 2F
2-2: Ground out 6-3 (Groundball, 6M)
Batting: RHB Brent Barlow 0-0: Called Strike
0-1: Ball
1-1: Called Strike
1-2: Strikes out looking
Bottom of the 5th over - 0 run(s), 0 hit(s), 0 error(s), 0 left on base; Detroit 4 - Grafton 1
TOP OF THE 6TH
Detroit Reapers batting - Pitching for Grafton Middies : RHP Yuri Volkers
Batting: RHB Jack Weber 0-0: Ball
1-0: SINGLE (Groundball, 25) (infield hit)
Pitching: RHP Paco Vélez
Batting: RHB Armando Hernández 0-0: Sac Bunt - play at first, batter OUT! 3-4
Jack Weber to second
Batting: LHB Robert Bond 0-0: Intentional Walk
Batting: LHB Armando Herrera 0-0: Called Strike
0-1: Ball
1-1: Fly out, F8 (Flyball, 8LS)
Batting: RHB Duncan Thomas 0-0: Swinging Strike
0-1: Ball
1-1: Fly out, F4 (Popup, 3D)
Top of the 6th over - 0 run(s), 1 hit(s), 0 error(s), 2 left on base; Detroit 4 - Grafton 1
BOTTOM OF THE 6TH
Grafton Middies batting - Pitching for Detroit Reapers : RHP Armando Hernández
Batting: LHB Tony Dyer 0-0: SINGLE (Groundball, 4M)
Batting: LHB Guillermo Romero 0-0: Called Strike
0-1: Foul Ball, location: 2F
0-2: Ball
1-2: Ball
2-2: 2-RUN HOME RUN (Flyball, 9D), Distance : 368 ft
Batting: RHB Donald Thompson 0-0: Ground out 6-3 (Groundball, 56)
Batting: RHB Mike Lewis 0-0: Called Strike
0-1: Swinging Strike
0-2: Foul Ball, location: 2F
0-2: Ground out 4-3 (Groundball, 4M)
Batting: LHB Luis Gutiérrez 0-0: Fly out, F7 (Flyball, 7LMF)
Bottom of the 6th over - 2 run(s), 2 hit(s), 0 error(s), 0 left on base; Detroit 4 - Grafton 3
TOP OF THE 7TH
Detroit Reapers batting - Pitching for Grafton Middies : RHP Paco Vélez
Batting: RHB Eduardo Alvarado 0-0: Swinging Strike
0-1: Ball
1-1: Swinging Strike
1-2: Foul Ball, location: 2F
1-2: Foul Ball, location: 2F
1-2: Strikes out looking
Batting: LHB Keith Spear 0-0: Ground out 6-3 (Groundball, 6M)
Batting: SHB Yosuke Kiyomizu 0-0: Swinging Strike
0-1: Ball
1-1: Swinging Strike
1-2: Ball
2-2: Foul Ball, location: 2F
2-2: Strikes out looking
Top of the 7th over - 0 run(s), 0 hit(s), 0 error(s), 0 left on base; Detroit 4 - Grafton 3
BOTTOM OF THE 7TH
Grafton Middies batting - Pitching for Detroit Reapers : RHP Armando Hernández
Batting: RHB Nam-sup Yi 0-0: Ball
1-0: Ball
2-0: Called Strike
2-1: Fly out, F9 (Flyball, 9S)
Pinch Hitting: RHB Dave Knight 0-0: SINGLE (Line Drive, 9LM)
Batting: RHB Carl Good 0-0: Called Strike
0-1: Foul Ball, location: 2F
0-2: Foul Ball, location: 2F
0-2: Foul Ball, location: 2F
0-2: Fly out, F8 (Flyball, 8LD)
Batting: RHB Brent Barlow
Pinch Runner at 1st José Peña: 0-0: Called Strike
0-1: Called Strike
0-2: DOUBLE (Line Drive, 9LS)
José Peña to third
José Peña scores
Batting: LHB Tony Dyer 0-0: Called Strike
0-1: Ball
1-1: Fly out, F9 (Line Drive, 9D)
Bottom of the 7th over - 1 run(s), 2 hit(s), 0 error(s), 1 left on base; Detroit 4 - Grafton 4
TOP OF THE 8TH
Detroit Reapers batting - Pitching for Grafton Middies : RHP Paco Vélez
Pitching: RHP Frank Morse
Batting: RHB Ilusuarte Viamonte 0-0: Called Strike
0-1: SINGLE (Line Drive, 78S)
Batting: RHB Jack Weber 0-0: Sac Bunt - play at first, batter OUT! 5-4
Ilusuarte Viamonte to second
Pinch Hitting: SHB Eiji Suzuki 0-0: Intentional Walk
Batting: LHB Robert Bond 0-0: Ball
1-0: Fly out, F8 (Flyball, 78M)
Batting: LHB Armando Herrera 0-0: Called Strike
0-1: Ball
1-1: Swinging Strike
1-2: Strikes out looking
Top of the 8th over - 0 run(s), 1 hit(s), 0 error(s), 2 left on base; Detroit 4 - Grafton 4
BOTTOM OF THE 8TH
Grafton Middies batting - Pitching for Detroit Reapers : RHP Armando Hernández
Pitching: RHP Jim Washington
Batting: LHB Guillermo Romero 0-0: Called Strike
0-1: Ball
1-1: Foul Ball, location: 2F
1-2: Ball
2-2: Ground out 4-3 (Groundball, 4M)
Batting: RHB Donald Thompson 0-0: Fly out, F4 (Popup, 4MD)
Batting: RHB Mike Lewis 0-0: Fly out, F7 (Flyball, 7M)
Bottom of the 8th over - 0 run(s), 0 hit(s), 0 error(s), 0 left on base; Detroit 4 - Grafton 4
TOP OF THE 9TH
Detroit Reapers batting - Pitching for Grafton Middies : RHP Frank Morse
Pitching: RHP Erik Davis
Batting: RHB Duncan Thomas 0-0: Called Strike
0-1: Ball
1-1: Ball
2-1: Ball
3-1: Foul Ball, location: 2F
3-2: Base on Balls
Batting: RHB Eduardo Alvarado 0-0: Called Strike
0-1: Ball
1-1: Called Strike
1-2: Strikes out looking
Batting: LHB Keith Spear 0-0: Ball
1-0: Called Strike
1-1: Ball
2-1: Foul Ball, location: 2F
2-2: Ball
3-2: Fly out, F7 (Flyball, 7S)
Batting: SHB Yosuke Kiyomizu 0-0: Called Strike
0-1: Ball
1-1: SINGLE (Popup, 5D)
Duncan Thomas to second
Pinch Hitting: RHB Nick Simmons 0-0: Ball
1-0: Fly out, F9 (Flyball, 89M)
Top of the 9th over - 0 run(s), 1 hit(s), 0 error(s), 2 left on base; Detroit 4 - Grafton 4
BOTTOM OF THE 9TH
Grafton Middies batting - Pitching for Detroit Reapers : RHP Jim Washington
Pitching: RHP Tony Hernández
Now at C: John Hayes
Now at 1B: Miguel Castillo
Batting: LHB Luis Gutiérrez 0-0: Ball
1-0: Foul Ball, location: 2F
1-1: Swinging Strike
1-2: Ground out 6-3 (Groundball, 6)
Batting: RHB Nam-sup Yi 0-0: Called Strike
0-1: Ball
1-1: Ground out 4-3 (Groundball, 4)
Pinch Hitting: RHB Brady Ferris 0-0: Called Strike
0-1: Ball
1-1: Called Strike
1-2: Fly out, F9 (Flyball, 9M)
Bottom of the 9th over - 0 run(s), 0 hit(s), 0 error(s), 0 left on base; Detroit 4 - Grafton 4
TOP OF THE 10TH
Detroit Reapers batting - Pitching for Grafton Middies : RHP Erik Davis
Pitching: RHP Bill Ball
Batting: RHB Jack Weber 0-0: Ground out 1-3 (Groundball, 23)
Pinch Hitting: LHB Adrián Rodríguez 0-0: Ball
1-0: Foul Ball, location: 2F
1-1: Swinging Strike
1-2: Foul Ball, location: 2F
1-2: Strikes out swinging
Batting: LHB Robert Bond 0-0: Ball
1-0: Ball
2-0: Ball
3-0: Base on Balls
Batting: LHB Armando Herrera 0-0: Called Strike
0-1: Ball
1-1: Called Strike
1-2: Strikes out looking
Top of the 10th over - 0 run(s), 0 hit(s), 0 error(s), 1 left on base; Detroit 4 - Grafton 4
BOTTOM OF THE 10TH
Grafton Middies batting - Pitching for Detroit Reapers : RHP Tony Hernández
Now in CF: Adrián Rodríguez
Batting: RHB Carl Good 0-0: Called Strike
0-1: Ball
1-1: Foul Ball, location: 2F
1-2: Ball
2-2: Foul Ball, location: 2F
2-2: Ball
3-2: Strikes out swinging
Batting: RHB Brent Barlow 0-0: Ball
1-0: Ball
2-0: Called Strike
2-1: Called Strike
2-2: Ball
3-2: DOUBLE (Flyball, 78XD)
Batting: LHB Tony Dyer 0-0: Ball
1-0: Reached on error, E4 (Groundball, 4)
Brent Barlow to third
Batting: LHB Guillermo Romero 0-0: Ball
1-0: Ball
2-0: Ball
3-0: Called Strike
3-1: Base on Balls
Tony Dyer to second
Batting: RHB Donald Thompson 0-0: Fly out, F8 (Flyball, 89D)
Runner from 3rd tags up, SCORES, no throw
This league is powered by Out of the Park Baseball, the baseball management simulation game for PC, Mac and Linux
Saturday, February 27th, 2021 - OOTP Baseball 15.6 Build 34